 Dungeon Crawl Stone Soup version 0.31-a0-1612-g4aaf141004 (webtiles) character file.

Game seed: 587838132398410657

17882 Newt the Protected (level 12, -10/95 HPs)
             Began as a Demonspawn Gladiator on Jan 9, 2024.
             Was a High Priest of Makhleb.
             Killed from afar by a wretched star (22 damage)
             ... with a lance of force
             ... on level 2 of the Abyss.
             The game lasted 00:24:23 (14352 turns).

Newt the Protected (Demonspawn Gladiator)          Turns: 14352, Time: 00:24:24

Health: -10/95     AC: 24    Str: 14 (17) XL:     12   Next: 22%
Magic:  15/15      EV:  2    Int:  9      God:    Makhleb [*****.]
Gold:   42         SH:  9    Dex: 16 (17) Spells: 11/11 levels left

rFire   + + .        U - +8 whip "Snakebite" {venom, curare, rPois}
rCold   + + +        (no shield)
rNeg    . . .        L - +0 gold dragon scales
rPois   +            c - +0 helmet
rElec   .            z - scarf "Hyot Sack" {shadows, rC+++ Slay+2}
rCorr   +            (no gloves)
SInv    .            J - +0 pair of boots
Will    .....        T - amulet of reflection Stlth
                     l - ring of resist corrosion
HPRegen 0.35/turn    o - ring of protection from fire
MPRegen 0.14/turn

%: reflection
@: mighty, hasted, very quick
A: slimy green scales 3, demonic guardian 3, condensation shield, [deterioration
2], [inability to read after injury 2]
a: Renounce Religion, Minor Destruction, Lesser Servant of Makhleb, Major
Destruction, Greater Servant of Makhleb


You were on level 2 of the Abyss.
You worshipped Makhleb.
Makhleb was extremely pleased with you.
You visited 2 branches of the dungeon, and saw 13 of its levels.
You visited the Abyss 1 time.
You also visited: Ossuary.

You collected 638 gold pieces.
You spent 596 gold pieces at shops.

Inventory:

Hand Weapons
 a - a +0 rapier
 h - a +1 vampiric dagger
 v - a +3 hand axe of chaos
 w - the +6 rapier of Valour {freeze, +Blink Fly}
   (You acquired it on level 5 of the Dungeon)

   Fly:       It grants you flight.
   +Blink:    It lets you blink.
 U - the +8 whip "Snakebite" (weapon) {venom, curare, rPois}
   (You bought it in a shop on level 6 of the Dungeon)

   rPois:     It protects you from poison
Missiles
 d - 6 throwing nets
 g - 13 javelins
 m - 40 poisoned darts (quivered)
 F - 3 silver javelins
 X - 4 boomerangs
Armour
 b - a +0 leather armour
 c - a +0 helmet (worn)
 e - a +0 cloak
 i - a +2 ring mail of fire resistance
 x - a +1 plate armour of willpower
 z - the scarf "Hyot Sack" (worn) {shadows, rC+++ Slay+2}
   (You acquired it on level 5 of the Dungeon)

   Slay+2:    It affects your accuracy & damage with ranged weapons and melee
   (+2).
   rC+++:     It renders you almost immune to cold.
 I - +0 acid dragon scales
 J - a +0 pair of boots (worn)
 L - +0 gold dragon scales (worn)
 R - a +0 kite shield
Jewellery
 l - a ring of resist corrosion (left hand)
 o - a ring of protection from fire (right hand)
 p - a ring of wizardry
 u - an amulet of magic regeneration
 K - a ring of resist corrosion
 N - an amulet of the acrobat
 Q - a ring of see invisible
 T - an amulet of reflection (around neck)
Talismans
 P - a beast talisman
Wands
 D - a wand of iceblast (10)
 O - a wand of digging (1)
 V - a wand of charming (7)
Scrolls
 r - 4 scrolls of amnesia
 t - 2 scrolls of revelation
 A - a scroll of poison
 C - a scroll of teleportation
 E - a scroll of butterflies
 S - a scroll of vulnerability
 W - a scroll of identify
Potions
 f - a potion of might
 j - a potion of haste
 k - 6 potions of curing
 n - 2 potions of lignification
 q - 2 potions of brilliance
 s - 2 potions of invisibility {unknown}
 B - 3 potions of degeneration
 G - 2 potions of magic {unknown}
 H - 2 potions of mutation {unknown}
Miscellaneous
 Y - a condenser vane


   Skills:
 - Level 9.0 Fighting
 - Level 8.0 Short Blades
 + Level 6.5 Maces & Flails
 - Level 4.0 Throwing
 - Level 10.0 Armour
 - Level 4.0 Dodging
 - Level 6.0 Stealth
 - Level 5.0 Invocations
 - Level 5.0 Evocations


You had 11 spell levels left.
You didn't know any spells.
Your spell library contained the following spells:

 Spells                   Type           Power      Damage    Failure   Level
 Kiss of Death            Conj/Necr      0%         2d5       100%        1
 Necrotise                Necr           0%         1d4       100%        1
 Shock                    Conj/Air       0%         1d3       100%        1
 Confusing Touch          Hex            0%         N/A       100%        3
 Dazzling Flash           Conj/Hex       0%         N/A       100%        3
 Inner Flame              Hex/Fire       0%         N/A       100%        3
 Swiftness                Air            0%         N/A       100%        3
 Vampiric Draining        Necr           0%         2d6       100%        3
 Volatile Blastmotes      Fire/Tloc      0%         2d10      100%        3
 Airstrike                Air            0%         2d(0-16)  100%        4
 Cause Fear               Hex            0%         N/A       100%        4
 Dispel Undead            Necr           0%         3d6       100%        4
 Flame Wave               Conj/Fire      0%         2d4       100%        4
 Martyr's Knell           Necr/Summ      0%         N/A       100%        4
 Sticky Flame             Fire/Alch      0%         2d4       100%        4
 Curse of Agony           Necr           0%         N/A       100%        5
 Fireball                 Conj/Fire      0%         3d3       100%        5
 Starburst                Conj/Fire      0%         6d3       100%        6
 Maxwell's Capacitive Co  Air            0%         ∞         100%        8
 Dragon's Call            Summ           0%         N/A       100%        9


Dungeon Overview and Level Annotations

Branches:
Dungeon (12/15)            Temple (1/1) D:4            Lair (0/5) D:8
    Orc (0/2) D:10        Ossuary (visited)

Altars:
Ashenzari
Cheibriados
Dithmenos
Fedhas
Gozag
Hepliaklqana
Kikubaaqudgha
Makhleb
Nemelex Xobeh
Okawaru
Qazlal
Ru
Sif Muna
Trog
Uskayaw
Vehumet
Wu Jian
Xom
Yredelemnul

Shops:
D:6 (   D:9 (

Portals:
Trove: D:11 (give +2 gold dragon scales)

Annotations:
D:11 3 runed translucent doors, jasper's ghost, journeyman MiCA
D:12 3 runed translucent doors, Doj's ghost, journeyman DsEE; Sonja


Innate Abilities, Weirdness & Mutations

You are completely covered in slimy green scales. (AC +4, rPois)
A powerful demonic guardian rushes to your aid.
A meltable shield of frost defends you. (SH +4)
[Your body often deteriorates upon taking damage.]
[You sometimes lose the ability to read scrolls when taking damage.]


Message History

Unknown command.
The wretched star glows turbulently.
The lance of force hits you!
* * * LOW HITPOINT WARNING * * *
Your body deteriorates!
You feel weakened.
A demonic guardian appears!
You are knocked back by the lance of force.
You slam into the rock wall!
* * * LOW HITPOINT WARNING * * *
You feel much better.
The spatial maelstrom hits you but does no damage.
The spatial maelstrom hits you!
* * * LOW HITPOINT WARNING * * *
Your body deteriorates!
You feel clumsy. Space warps around you.
* * * LOW HITPOINT WARNING * * *
A spatial vortex comes into view.
Unknown command.
You feel much better. The spatial maelstrom hits you! Space warps around you.
The spatial maelstrom hits you. Space warps horribly around you!!
* * * LOW HITPOINT WARNING * * *
Your body deteriorates!
You feel weakened.
Unknown command.
Unknown command.
The spatial maelstrom hits you.
* * * LOW HITPOINT WARNING * * *
Space warps around you.
* * * LOW HITPOINT WARNING * * *
The spatial maelstrom hits you but does no damage.
The wretched star glows turbulently.
You block the lance of force... and reflect it back!
The lance of force hits the wretched star!!
The wretched star is knocked back by the lance of force.
Blink to where?
Press: ? - help, Dir - move target
As you read the scroll of blinking, it crumbles to dust.
Unknown command.
The wretched star glows turbulently.
The lance of force hits you!!
You die...

#.#####.# #.x . .
##.....§.#######. . ..
.. #.....vv2........ .
# ..
#.#......u...####......
# ##....Y.....#.# ###.
# ##.....v.....# #
###..x.*..# .#...# .##
##......##.. ..# .
##@.....##...##u.
##...... ..# #. ..
##......## #
##...#...###. .
##.#####.. .. # ##.##.
.. # # ##.##### # #.


You could see a cyan very ugly thing, a spatial maelstrom, a wretched star, 2
spatial vortices, an ice beast, a small abomination and a friendly cacodemon
(summoned).

Vanquished Creatures
  Harold (D:10)
  A boulder beetle (D:11)
  3 two-headed ogres
  Pikel (D:6)
  A manticore (D:12)
  A gargoyle (D:7)
  4 trolls
  A hornet (D:8)
  A raiju (shapeshifter) (D:11)
  A raiju (Abyss:2)
  Sigmund (D:6)
  A wyvern (D:9)
  A basilisk (D:7)
  A shadow (D:12)
  A vampire (D:12)
  A wraith (D:11)
  16 yaks
  A steam dragon (D:8)
  3 vampire mosquitoes
  3 acid dragons
  2 water moccasins
  Duvessa (D:6)
  13 orc warriors
  2 ice beasts (D:7)
  4 black bears
  4 sky beasts
  2 ogres
  3 centaurs
  A phantom (D:7)
  3 lemures (D:6)
  3 elf zombies (Ossuary)
  6 kobold brigands
  4 scorpions
  3 bullfrogs (D:7)
  3 gnoll sergeants
  Dowan (D:6)
  3 killer bees (D:8)
  16 howler monkeys
  2 bombardier beetles
  A gnoll bouda (D:7)
  3 hounds
  2 jellies
  7 orc priests
  Crazy Yiuf (D:3)
  A sleepcap (D:6)
  4 iguanas
  15 orc wizards
  Terence (D:3)
  4 hound zombies (Ossuary)
  2 mummies (Ossuary)
  11 gnolls
  2 adders
  3 white imps
  3 ufetubi
  5 adder zombies (Ossuary)
  3 dart slugs
  A ribbon worm (D:5)
  38 orcs
  8 ball pythons
  10 endoplasms
  4 giant cockroaches
  4 gnoll zombies (Ossuary)
  8 hobgoblins
  4 jackals (D:1)
  18 kobolds
  3 quokkas
  3 frilled lizards
  5 goblins
  A goblin zombie (D:4)
  11 jackal zombies (Ossuary)
  5 kobold zombies (Ossuary)
  4 orc zombies (Ossuary)
  A quokka zombie (D:4)
  6 rats
322 creatures vanquished.

Vanquished Creatures (collateral kills)
  2 two-headed ogres
  2 trolls (D:10)
  A vampire (D:11)
  2 orc warriors
  2 orc priests
  2 orc wizards (D:10)
  A gnoll (D:11)
  4 orcs
16 creatures vanquished.

Vanquished Creatures (others)
  An orc (D:5)
1 creature vanquished.

Grand Total: 339 creatures vanquished

Notes
Turn   | Place    | Note
-------+----------+-------------------------------------------
     0 | D:1      | Newt the Demonspawn Gladiator began the quest for the Orb.
     0 | D:1      | Reached XP level 1. HP: 16/16 MP: 1/1
   102 | D:1      | Gained mutation: You are partially covered in slimy green
                  | scales. (AC +2) [demonic ancestry]
   102 | D:1      | Reached XP level 2. HP: 11/23 MP: 2/2
   486 | D:1      | Found a faded altar of an unknown god.
   675 | D:1      | Reached XP level 3. HP: 22/29 MP: 3/3
  1821 | D:3      | Noticed Terence
  1868 | D:3      | Killed Terence
  1869 | D:3      | Gained mutation: You are mostly covered in slimy green
                  | scales. (AC +3) [demonic ancestry]
  1869 | D:3      | Reached XP level 4. HP: 16/37 MP: 4/4
  2065 | D:3      | Found a runed translucent door.
  2066 | D:3      | Noticed Crazy Yiuf
  2624 | D:3      | Killed Crazy Yiuf
  2757 | D:4      | Noticed a scorpion
  2768 | D:4      | Killed a scorpion
  2769 | D:4      | Reached XP level 5. HP: 25/42 MP: 5/5
  2964 | D:4      | Found a staircase to the Ecumenical Temple.
  2977 | Temple   | Entered the Ecumenical Temple
  3028 | D:4      | Found a sand-covered staircase.
  3035 | Ossuary  | Entered an ossuary
  3157 | Ossuary  | Gained mutation: You are completely covered in slimy green
                  | scales. (AC +4, rPois) [demonic ancestry]
  3157 | Ossuary  | Reached XP level 6. HP: 49/49 MP: 6/6
  3270 | Ossuary  | Reached skill level 5 in Fighting
  3650 | Ossuary  | Reached skill level 1 in Armour
  3650 | Ossuary  | Gained mutation: A weak demonic guardian rushes to your
                  | aid. [demonic ancestry]
  3650 | Ossuary  | Reached XP level 7. HP: 48/58 MP: 7/7
  3780 | D:4      | Reached skill level 2 in Armour
  3824 | Temple   | Became a worshipper of Makhleb the Destroyer
  3995 | D:4      | Reached skill level 3 in Armour
  4450 | D:5      | Entered Level 5 of the Dungeon
  4558 | D:5      | Reached skill level 4 in Armour
  4622 | D:5      | Reached skill level 1 in Stealth
  4685 | D:5      | Identified 2 scrolls of acquirement
  4685 | D:5      | Acquired the +6 rapier of Valour {freeze, +Blink Fly}
  4706 | D:5      | Acquired the scarf "Hyot Sack" {shadows, rC+++ Slay+2}
  4811 | D:5      | Reached XP level 8. HP: 64/64 MP: 8/8
  4981 | D:5      | Reached * piety under Makhleb
  5208 | D:5      | Reached skill level 5 in Short Blades
  5351 | D:6      | Noticed Pikel
  5369 | D:6      | Killed Pikel
  5590 | D:6      | Noticed Dowan
  5592 | D:6      | Noticed Duvessa
  5607 | D:6      | Killed Dowan
  5609 | D:6      | Killed Duvessa
  5615 | D:6      | Noticed Sigmund
  5895 | D:6      | Gained mutation: A meltable shield of frost defends you.
                  | (SH +4) [demonic ancestry]
  5895 | D:6      | Reached XP level 9. HP: 69/69 MP: 9/9
  6121 | D:6      | Found Gyburch's Weapon Shoppe.
  6309 | D:6      | Killed Sigmund
  6630 | D:7      | Reached skill level 5 in Stealth
  6760 | D:7      | Found a snail-covered altar of Cheibriados.
  6790 | D:7      | Found a broken altar of Ashenzari.
  6862 | D:7      | Found a sparkling altar of Nemelex Xobeh.
  7044 | D:7      | Reached skill level 1 in Evocations
  7395 | D:7      | Reached skill level 5 in Evocations
  7612 | D:7      | Reached XP level 10. HP: 76/76 MP: 13/13
  7644 | D:7      | Reached skill level 5 in Invocations
  7736 | D:7      | Reached ** piety under Makhleb
  7803 | D:7      | Noticed a gargoyle
  7805 | D:7      | Noticed a two-headed ogre
  7814 | D:7      | Killed a gargoyle
  7833 | D:7      | Killed a two-headed ogre
  7967 | D:7      | Identified the staff of Okawaru's Pride {rC+ MP+9 Int+5
                  | Ice}
  8605 | D:8      | Reached *** piety under Makhleb
  8691 | D:8      | Found a staircase to the Lair.
  8818 | D:8      | Reached skill level 5 in Armour
  8949 | D:8      | Found a shimmering blue altar of Sif Muna.
  9299 | D:9      | Found a sacrificial altar of Ru.
  9299 | D:9      | Found a shimmering altar of Xom.
  9300 | D:9      | Found an iron altar of Okawaru.
  9316 | D:9      | You are sucked into a shaft and drop 2 floors!
  9339 | D:11     | Noticed a boulder beetle
  9348 | D:11     | Killed a boulder beetle
  9349 | D:11     | Gained mutation: A demonic guardian rushes to your aid.
                  | [demonic ancestry]
  9349 | D:11     | Reached XP level 11. HP: 54/89 MP: 14/14
  9511 | D:11     | Noticed a two-headed ogre
  9520 | D:11     | Killed a two-headed ogre
  9521 | D:11     | Reached skill level 6 in Armour
 10007 | D:11     | Reached skill level 7 in Armour
 10073 | D:11     | Noticed a two-headed ogre
 10081 | D:11     | Killed a two-headed ogre
 10152 | D:10     | Entered Level 10 of the Dungeon
 10160 | D:9      | Found a hazy altar of Hepliaklqana.
 10312 | D:9      | Reached skill level 8 in Armour
 10678 | D:9      | Found Wehezuj's Weapon Boutique.
 10966 | D:9      | Reached **** piety under Makhleb
 11060 | D:10     | Noticed a two-headed ogre
 11294 | D:10     | Killed a two-headed ogre
 11295 | D:10     | Reached skill level 9 in Armour
 11402 | D:10     | Found a staircase to the Orcish Mines.
 11498 | D:10     | Identified the +1 hand axe of Indomitability {freeze, rPois
                  | rF+}
 11732 | D:10     | Found an opulent altar of Gozag.
 12022 | D:10     | Noticed Harold
 12030 | D:10     | Killed Harold
 12031 | D:10     | Reached skill level 10 in Armour
 12065 | D:10     | Reached skill level 1 in Maces & Flails
 12305 | D:11     | Found a runed translucent gate.
 12305 | D:11     | Found a runed translucent gate.
 12305 | D:11     | Found a runed translucent gate.
 12306 | D:11     | Noticed jasper's ghost (journeyman MiCA)
 12970 | D:11     | Gained mutation: A powerful demonic guardian rushes to your
                  | aid. [demonic ancestry]
 12970 | D:11     | Reached XP level 12. HP: 95/95 MP: 15/15
 13106 | D:11     | Found a portal to a secret trove of treasure.
 13244 | D:12     | Noticed Doj's ghost (journeyman DsEE)
 13244 | D:12     | Found a runed translucent gate.
 13244 | D:12     | Found a runed translucent gate.
 13244 | D:12     | Found a runed translucent gate.
 13412 | D:6      | Bought the +8 whip "Snakebite" {venom, curare, rPois} for
                  | 596 gold pieces
 13412 | D:6      | Found the +8 whip "Snakebite" {venom, curare, rPois}
 13715 | D:12     | Reached skill level 5 in Maces & Flails
 13815 | D:12     | Reached ***** piety under Makhleb
 14121 | D:12     | Noticed a two-headed ogre
 14125 | D:12     | Killed a two-headed ogre
 14221 | D:12     | Noticed Sonja
 14224 | Abyss:2  | Cast into level 2 of the Abyss (Sonja)
 14226 | Abyss:2  | Found a corrupted altar of Lugonu.
 14272 | Abyss:2  | Found a corrupted altar of Lugonu.
 14283 | Abyss:2  | Found a corrupted altar of Lugonu.
 14296 | Abyss:2  | Noticed a cyan very ugly thing
 14352 | Abyss:2  | Killed from afar by a wretched star

Illustrated notes

Levels and vault maps discovered:
D:1:      heliophobic_arrival_battle_scene, layout_loops_cross,
          hellmonk_ecumenical_altar_heavens_door, nrook_mini_vaults,
          minmay_misc_feat_iff
D:2:      layout_loops_corners
D:3:      layout_loops_cross, hangedman_feature_mirror, uniq_crazy_yiuf_cottage,
          uniq_terence
D:4:      layout_basic, minmay_temple_entry_tees, enter_ossuary_4
D:5:      layout_basic, kennysheep_dice
D:6:      layout_basic, lemuel_coloured_pillars_altar, serial_shops,
          nicolae_shop_pleasant_corner_grove, kennysheep_generic_room_10,
          uniq_duvessa, uniq_pikel, uniq_sigmund
D:7:      minmay_the_grid_triangle_9x9_rhombus_full
          [minmay_the_grid_triangle_9x9_intruding_spiral,
          minmay_the_grid_triangle_9x9_cache,
          minmay_the_grid_triangle_9x9_thin_v,
          minmay_the_grid_triangle_9x9_minimal,
          minmay_the_grid_triangle_9x9_steps,
          minmay_the_grid_triangle_9x9_semitri,
          minmay_the_grid_triangle_9x9_warning,
          minmay_the_grid_triangle_9x9_prize_insulated], layout_loops_ring,
          nicolae_overflow_hidden_temple, evilmike_ruin_ashenzari,
          overflow_temple_1_default
D:8:      layout_loops_ring, tgw_sif, dpeg_oklobed_lair
D:9:      layout_gridville, amcnicky_altar_gilded, zin_scriptorium,
          chequers_temple_overflow_statue_of_worship, serial_shops, shop,
          chequers_serial_rivers_room_a
D:10:     layout_irregular_city, grunt_gozag_breadcrumbs, erik_orc_4,
          uniq_harold
D:11:     layout_cave_pods, special_room [special_room_orc],
          nicolae_trove_entry_columns, gammafunk_ghost_ooze
D:12:     layout_irregular_city, serial_shops,
          nicolae_shop_pleasant_corner_grove, gammafunk_ghost_nasty_kobolds,
          serial_rivers, chequers_serial_rivers_large_a,
          chequers_serial_rivers_micro_a, chequers_serial_rivers_micro_b,
          chequers_serial_rivers_micro_c, uniq_sonja
Temple:   chequers_temple_sunken
Abyss:2:  base:
D:11

Skill      XL: |  1  2  3  4  5  6  7  8  9 10 11 12 |
---------------+-------------------------------------+-----
Fighting       | 3 4 6 9 |  9.0
Short Blades   | 3 4 7 8 |  8.0
Dodging        | 3 4 |  4.0
Armour         | 1 4 5 10 | 10.0
Stealth        | 3 6 |  6.0
Evocations     | 5 |  5.0
Invocations    | 4 5 |  5.0
Throwing       | 4 |  4.0
Maces & Flails | 4 6 |  6.5

Action                     |  1- 3 |  4- 6 |  7- 9 | 10-12 || total
---------------------------+-------+-------+-------+-------++-------
  Melee: Rapier            |   101 |       |   226 |   510 ||   837
         Punch             |     1 |     5 |     7 |    16 ||    29
         Dagger            |    88 |   453 |   214 |       ||   755
         Hand axe          |       |       |    10 |       ||    10
         Whip              |       |       |       |    72 ||    72
  Throw: Throwing net      |     5 |     2 |     1 |       ||     8
         Javelin           |     1 |     6 |     6 |    13 ||    26
         Dart              |       |       |       |    10 ||    10
  Evoke: Wand              |       |       |       |     2 ||     2
    Use: Scroll            |     2 |     1 |    10 |     7 ||    20
         Potion            |     1 |       |     3 |     7 ||    11
   Stab: Sleeping          |     3 |       |     7 |     1 ||    11
         Held in net/web   |     1 |     1 |       |       ||     2
         Distracted        |       |       |     1 |     2 ||     3
 Armour: Leather armour    |    84 |   248 |   197 |       ||   529
         Skin              |       |       |    33 |       ||    33
         Acid dragon scale |       |       |    11 |    48 ||    59
         Gold dragon scale |       |       |       |   566 ||   566
  Dodge: Dodged            |    99 |   285 |   211 |   125 ||   720
  Block: Other             |       |       |    27 |   116 ||   143
         Reflection        |       |       |       |     2 ||     2

Table legend: (Time is in decaauts)
 A = Elapsed time spent in this place.
 B = Non-inter-level travel time spent in this place.
 C = Inter-level travel time spent in this place.
 D = Time resting spent in this place.
 E = Time spent auto-exploring this place.
 F = Levels seen in this place.
 G = Mean time per level.
                   A        B        C        D        E       F      G
               +--------+--------+--------+--------+--------+-----+--------+
         Total |  14051 |  12992 |   1059 |   2293 |   7923 |  15 |  936.7 |
       Dungeon |  13248 |  12246 |   1002 |   2293 |   7652 |  12 | 1104.0 |
        Temple |     57 |      1 |     56 |      0 |      0 |   1 |   57.0 |
         Abyss |    101 |    101 |      0 |      0 |      0 |   1 |  101.0 |
       Ossuary |    643 |    643 |      0 |      0 |    271 |   1 |  643.0 |
               +--------+--------+--------+--------+--------+-----+--------+

Top non-repeatable levels by time:
     D:7: 1734 daAuts
    D:11: 1557 daAuts
     D:6: 1399 daAuts
    D:10: 1360 daAuts
     D:9: 1106 daAuts
     D:2: 996 daAuts
     D:8: 984 daAuts
     D:3: 954 daAuts
     D:4: 918 daAuts
     D:5: 827 daAuts
     D:1: 783 daAuts
 Ossuary: 643 daAuts
    D:12: 626 daAuts
 Abyss:2: 101 daAuts
  Temple: 57 daAuts
